 Dungeon Crawl Stone Soup version 0.18.1-1-g2f07953 (webtiles) character file.

1430 Ellandar the Carver (level 8, 0/67 HPs)
             Began as a Demonspawn Gladiator on Aug 31, 2016.
             Was a Believer of Okawaru.
             Slain by an orc warrior
             ... wielding a +0 trident
              (9 damage)
             ... on level 7 of the Dungeon.
             The game lasted 00:18:17 (5911 turns).

Ellandar the Carver (Demonspawn Gladiator)          Turns: 5911, Time: 00:18:18

Health: 0/67       AC: 12    Str: 15    XL:     8   Next: 44%
Magic:  8/8        EV: 15    Int: 15    God:    Okawaru [**....]
Gold:   357        SH:  0    Dex: 15    Spells: 0 memorised, 7 levels left

rFire  . . .     SeeInvis .     a - +1 long sword
rCold  . . .     Gourm    .     w - +3 ring mail
rNeg   . . .     Faith    .     (no shield)
rPois  .         Spirit   .     c - +0 helmet
rElec  .         Dismiss  .     k - +0 cloak
rCorr  .         Reflect  .     (no gloves)
SustAt .         Harm     .     (no boots)
MR     .....                    (no amulet)
Stlth  +.........               (no ring)
                                l - +2 ring of protection

@: not resistant to hostile enchantments, very unstealthy
A: talons 2, repulsion field 1, clever 2, demonic guardian 1, sense surroundings
2, robust 2
a: Heroism, Renounce Religion


You were on level 7 of the Dungeon.
You worshipped Okawaru.
Okawaru was pleased with you.
You were very hungry.

You visited 1 branch of the dungeon, and saw 7 of its levels.

You collected 357 gold pieces.

Inventory:

Hand Weapons
 a - a +1 long sword (weapon)
Missiles
 d - 5 throwing nets (quivered)
Armour
 c - a +0 helmet (worn)
 k - a +0 cloak (worn)
 t - a +1 ring mail of fire resistance
 w - a +3 ring mail (worn)
Jewellery
 l - a +2 ring of protection (left hand)
 q - an uncursed ring of protection from magic {unknown}
Wands
 b - a wand of slowing (31/48)
 s - a wand of slowing (15/48)
Scrolls
 e - a scroll of magic mapping
 g - a scroll of fear
 h - 2 scrolls of remove curse
 u - a scroll of identify
Potions
 i - 2 potions of lignification
 j - 2 potions of haste
 n - 3 potions of might
 p - a potion of heal wounds {unknown}
 r - 3 potions of curing {unknown}
Comestibles
 f - 5 bread rations
 m - 2 meat rations


   Skills:
 - Level 2.0 Fighting
 * Level 8.5 Long Blades
 - Level 1.7 Throwing
 + Level 5.8 Dodging


You had 7 spell levels left.
You didn't know any spells.

Dungeon Overview and Level Annotations

Branches:
Dungeon (7/15)             Temple (0/1) D:4

Altars:
Cheibriados
Gozag
Kikubaaqudgha
Nemelex Xobeh
Okawaru
Qazlal
Sif Muna
Vehumet
Yredelemnul
Zin
The Shining One

Shops:
D:5 (   D:6 %[


Innate Abilities, Weirdness & Mutations

You have razor-sharp toenails.
You are surrounded by a mild repulsion field (EV +2).
A weak demonic guardian rushes to your aid.
Your mind is very acute. (Int +4)
You passively map the area around you.
You are very robust (+20% HP).


Message History

a dagger; a robe; a jackal corpse x2
You closely miss the orc warrior.
You claw the orc warrior, but do no damage.
The orc warrior is almost dead.
The orc warrior barely misses you.
You hit the orc warrior but do no damage.
Your kick misses the orc warrior.
The orc warrior is almost dead.
You hit the orc warrior but do no damage.
The orc warrior is almost dead.
The orc warrior hits you with a trident!
* * * LOW HITPOINT WARNING * * *
You hit the orc warrior but do no damage.
The orc warrior is almost dead.
The orc warrior hits you with a trident.
* * * LOW HITPOINT WARNING * * *
You closely miss the orc warrior. Your kick misses the orc warrior.
The orc warrior is almost dead.
The orc warrior hits you with a trident!
You die...

........## ,..#####...
####### .,#...#...
#.....# #...'...
#.....# #...#...
#.....# #....#...###.
#.....# #....#.....#.
#.....# #....#.....#.
#....@####....#.....#.
######o.......#.....#.
#o[......#####'#.
#........#.....#.
#........'.....#.
#........#.....#. *
**#........#######.
'....##### ,,#. #....#
,,*,, #.


You could see an orc warrior and an orc.

Vanquished Creatures
  3 sky beasts
  4 ogres
  2 giant frogs
  2 crimson imps (D:5)
  A centaur skeleton (D:6)
  3 orc priests
  3 orc wizards (D:4)
  A giant frog skeleton (D:7)
  An iguana (D:6)
  4 worker ants
  A killer bee zombie (D:6)
  A hound zombie (D:5)
  4 gnolls
  7 adders
  3 shadow imps
  2 oozes
  2 worms
  5 dart slugs
  4 giant geckos
  19 orcs
  12 bats
  3 giant cockroaches
  8 goblins
  7 hobgoblins
  4 jackals (D:7)
  5 kobolds
  2 quokkas (D:3)
  A giant gecko skeleton (D:4)
  8 giant newts
  7 rats
129 creatures vanquished.

Vanquished Creatures (collateral kills)
  A hound (D:5)
  2 orc wizards
  3 orcs
6 creatures vanquished.

Grand Total: 135 creatures vanquished

Notes
Turn   | Place    | Note
--------------------------------------------------------------
     0 | D:1      | Ellandar the Demonspawn Gladiator began the quest for the Orb.
     0 | D:1      | Reached XP level 1. HP: 16/16 MP: 1/1
    75 | D:1      | Reached skill level 3 in Long Blades
   151 | D:1      | Gained mutation: You are surrounded by a mild repulsion field (EV +2). [demonic ancestry]
   151 | D:1      | Reached XP level 2. HP: 18/22 MP: 2/2
   513 | D:1      | Gained mutation: You have sharp toenails. [demonic ancestry]
   513 | D:1      | Reached XP level 3. HP: 24/27 MP: 3/3
   864 | D:2      | Found a glowing golden altar of the Shining One.
  1202 | D:2      | Reached skill level 4 in Long Blades
  1738 | D:3      | Gained mutation: A weak demonic guardian rushes to your aid. [demonic ancestry]
  1738 | D:3      | Reached XP level 4. HP: 33/33 MP: 4/4
  2583 | D:3      | Found a radiant altar of Vehumet.
  2626 | D:3      | Reached XP level 5. HP: 36/38 MP: 5/5
  3040 | D:4      | Found an iron altar of Okawaru.
  3043 | D:4      | Became a worshipper of Warmaster Okawaru
  3056 | D:4      | Reached skill level 5 in Long Blades
  3454 | D:4      | Found a stormy altar of Qazlal.
  3457 | D:4      | Noticed a sky beast
  3466 | D:4      | Killed a sky beast
  3466 | D:4      | Reached XP level 6. HP: 35/44 MP: 6/6
  3470 | D:4      | Gained mutation: You are covered in fur (AC +1). [mutagenic meat]
  3471 | D:4      | Gained mutation: You are robust (+10% HP). [mutagenic meat]
  3472 | D:4      | Gained mutation: Your mind is acute. (Int +2) [mutagenic meat]
  3473 | D:4      | Gained mutation: You tend to lose your temper in combat. [mutagenic meat]
  3831 | D:4      | Found a staircase to the Ecumenical Temple.
  3980 | D:4      | Found a basalt altar of Yredelemnul.
  3980 | D:4      | Found a deep blue altar of Sif Muna.
  3981 | D:4      | Found a sparkling altar of Nemelex Xobeh.
  4012 | D:4      | Reached skill level 6 in Long Blades
  4067 | D:4      | Reached XP level 7. HP: 30/55 MP: 7/7
  4211 | D:4      | Found a glowing silver altar of Zin.
  4346 | D:5      | Entered Level 5 of the Dungeon
  4369 | D:5      | Found an opulent altar of Gozag.
  4378 | D:5      | Found an opulent altar of Gozag.
  4441 | D:5      | Reached * piety under Okawaru
  4476 | D:5      | Gained mutation: You are very robust (+20% HP). [potion of mutation]
  4476 | D:5      | Lost mutation: You are covered in fur (AC +1). [potion of mutation]
  4477 | D:5      | Gained mutation: Your mind is very acute. (Int +4) [potion of mutation]
  4477 | D:5      | Lost mutation: You tend to lose your temper in combat. [potion of mutation]
  4478 | D:5      | Gained mutation: You passively map a small area around you. [potion of mutation]
  4478 | D:5      | Gained mutation: You passively map the area around you. [potion of mutation]
  4536 | D:5      | Reached skill level 7 in Long Blades
  4536 | D:5      | Reached skill level 5 in Dodging
  4543 | D:5      | Found a snail-covered altar of Cheibriados.
  4632 | D:5      | Found Aphuozas's Antique Weapon Shop.
  4909 | D:6      | Found Kiaph's Armour Boutique.
  5010 | D:6      | Reached ** piety under Okawaru
  5010 | D:6      | Gained mutation: You have razor-sharp toenails. [demonic ancestry]
  5010 | D:6      | Reached XP level 8. HP: 56/67 MP: 8/8
  5109 | D:6      | Found a sparkling altar of Nemelex Xobeh.
  5372 | D:6      | Reached skill level 8 in Long Blades
  5412 | D:6      | Found Pajopell's Food Shop.
  5421 | D:6      | Found an opulent altar of Gozag.
  5792 | D:7      | Found an ancient bone altar of Kikubaaqudgha.
  5911 | D:7      | Slain by an orc warrior

Skill      XL: |  1  2  3  4  5  6  7  8 |
---------------+-------------------------+-----
Long Blades    | 3 4 5 6 7 8 |  8.5
Dodging        | 3 4 5 |  5.8
Fighting       | |  2.0
Throwing       | |  1.7

Action                   |  1- 3 |  4- 6 |  7- 9 || total
-------------------------+-------+-------+-------++-------
Melee: Long sword        |   156 |   220 |   220 ||   596
       Kick              |    12 |    53 |    55 ||   120
  Use: Scroll            |       |       |    10 ||    10
       Potion            |       |       |     3 ||     3
  Eat: Chunk             |     3 |    12 |     6 ||    21
Armor: Leather armour    |     5 |       |       ||     5
       Scale mail        |    78 |    81 |       ||   159
       Skin              |     1 |       |       ||     1
       Ring mail         |       |    14 |    89 ||   103
Dodge: Dodged            |   145 |   187 |   153 ||   485
